 Dungeon Crawl Stone Soup version 0.28-a0-657-g71136c5590 (webtiles) character file.

Game seed: 11238381158558421814

670 cheechan the Cutter (level 7, 0/49 HPs)
             Began as an Octopode Fighter on Oct 13, 2021.
             Slain by a scorpion (7 damage)
             ... on level 5 of the Dungeon.
             The game lasted 00:14:57 (5136 turns).

cheechan the Cutter (Octopode Fighter)              Turns: 5136, Time: 00:14:57

Health: 0/49       AC:  1    Str: 16    XL:     7   Next: 58%
Magic:  7/7        EV: 15    Int: 11    God:
Gold:   108        SH:  5    Dex: 18    Spells: 4/6 levels left

rFire   x . .      SeeInvis .   q - +0 short sword (drain)
rCold   + . .      Faith    .   b - +0 buckler
rNeg    . . .      Spirit   .   (helmet restricted)
rPois   .          Reflect  .   (no amulet)
rElec   .          Harm     .   g - +6 ring of dexterity
rCorr   .          Rampage  .   p - ring of ice
Will    .....                   (no ring)
Stlth   ++++......              (no ring)
HPRegen 0.16/turn               (no ring)
MPRegen 0.10/turn               (no ring)
                                (no ring)
                                (no ring)

@: no status effects
A: almost no armour, amphibious, 8 rings, camouflage 1, gelatinous body 1,
(nimble swimmer 1), tentacles
a: no special abilities


You were on level 5 of the Dungeon.
You visited 2 branches of the dungeon, and saw 6 of its levels.

You collected 108 gold pieces.

Inventory:

Hand Weapons
 a - a +0 rapier
 d - a +0 dagger
 k - a +0 rapier
 l - a +0 short sword
 q - a +0 short sword of draining (weapon)
 t - a +0 halberd
 v - a +3 flail of protection
 x - a +0 hunting sling
 z - a +0 vampiric whip
Missiles
 e - 103 stones
 o - 9 curare-tipped darts
 r - 30 poisoned darts (quivered)
 w - 21 arrows
Armour
 b - a +0 buckler (worn)
Jewellery
 g - a +6 ring of dexterity (left tentacle)
 p - a ring of ice (right tentacle)
Wands
 u - a wand of polymorph (8)
Scrolls
 s - a scroll of magic mapping
 y - a scroll of teleportation
Potions
 c - a potion of might
 f - 2 potions of attraction {unknown}
 h - 3 potions of curing
 i - 2 potions of magic {unknown}
 j - 2 potions of cancellation {unknown}
 m - a potion of resistance {unknown}
 A - a potion of invisibility {unknown}
 B - a potion of ambrosia {unknown}


   Skills:
 + Level 4.5 Fighting
 + Level 4.9 Short Blades
 + Level 4.2 Dodging
 + Level 4.8 Stealth
 + Level 4.1 Shields
 + Level 0.3 Spellcasting


You had 4 spell levels left.
You knew the following spells:

 Your Spells              Type           Power      Damage    Failure   Level
a - Apportation           Tloc           0%         N/A       34%         1
b - Sting                 Tmut/Pois      0%         1d3       34%         1

Your spell library contained the following spells:

 Spells                   Type           Power      Damage    Failure   Level
 Poisonous Vapours        Pois/Air       0%         N/A       45%         2
 Olgreb's Toxic Radiance  Pois           0%         N/A       98%         4
 Alistair's Intoxication  Tmut/Pois      0%         N/A       100%        5
 Invisibility             Hex            0%         N/A       100%        6


Dungeon Overview and Level Annotations

Branches:
Dungeon (5/15)             Temple (1/1) D:4

Altars:
Cheibriados
Dithmenos
Fedhas
Gozag
Hepliaklqana
Kikubaaqudgha
Makhleb
Qazlal
Sif Muna
Uskayaw
Vehumet
Wu Jian
Xom
Yredelemnul
Zin


Innate Abilities, Weirdness & Mutations

You cannot wear most types of armour.
You are amphibious.
You can wear up to eight rings at the same time.
Your skin changes colour to match your surroundings (Stealth+).
Your rubbery body absorbs attacks. (AC +1, EV +1)
((You are camouflaged near water. (Stealth+)))
You have tentacles for arms and can constrict up to eight enemies at once.


Message History

You hit the quokka. Your grab misses the quokka.
The quokka is severely wounded.
You block the quokka's attack.
You closely miss the quokka. You grab the quokka. You squeeze the quokka.
You kill the quokka!
The scorpion closely misses you.
You closely miss the scorpion. You grab the scorpion. You squeeze the scorpion.
The scorpion is moderately wounded.
You constrict the scorpion, but do no damage.
You hit the scorpion. You drain the scorpion.
The scorpion is severely wounded.
You constrict the scorpion. The scorpion stings you.
* * * LOW HITPOINT WARNING * * *
The scorpion stings you.
* * * LOW HITPOINT WARNING * * *
You hit the scorpion but do no damage.
The scorpion is severely wounded.
You constrict the scorpion, but do no damage.
The scorpion barely misses you.
You hit the scorpion. You drain the scorpion.
You kill the scorpion!
An orc wizard comes into view.
It is wielding a +0 dagger of electrocution.
An orc comes into view. It is wielding a +0 war axe.
The orc wizard barely misses you.
You hit the orc wizard. Your grab misses the orc wizard.
The orc wizard is lightly wounded.
The orc wizard hits you with a +0 dagger of electrocution.
* * * LOW HITPOINT WARNING * * *
Blink to where?
Press: ? - help, Dir - move target A scorpion comes into view.
As you read the scroll of blinking, it crumbles to dust.
The scorpion barely misses you.
The orc wizard casts a spell.
The orc wizard flickers and vanishes!
Deactivating autopickup; reactivate with Ctrl-A.
The scorpion stings you.
* * * LOW HITPOINT WARNING * * *
The scorpion stings you!
You die...

......####...##.##.
....................
....................
............#......
............#......
#+#.........###'###
#.#.........###.###
####>.......o..†......
#....@s...O.######.###
..........l....†.....#
###...........########
#...........#
#...........#
#############


You could see an ogre, a scorpion, an iguana and an orc.

Vanquished Creatures
  Edmund (D:4)
  A necrophage (D:4)
  A scorpion (D:5)
  A hound (D:4)
  A bullfrog skeleton (D:5)
  2 iguanas
  Ijyb (D:4)
  A scorpion zombie (D:3)
  10 gnolls
  5 adders
  An ufetubus (D:5)
  An adder zombie (D:3)
  3 worms
  3 dart slugs
  10 ball pythons
  6 endoplasms
  3 giant cockroaches
  9 goblins
  9 hobgoblins
  5 jackals
  5 kobolds
  6 quokkas
  7 bats
  2 rats (D:2)
  A spectral hobgoblin (D:4)
95 creatures vanquished.

Notes
Turn   | Place    | Note
-------+----------+-------------------------------------------
     0 | D:1      | cheechan the Octopode Fighter began the quest for the Orb.
     0 | D:1      | Reached XP level 1. HP: 16/16 MP: 1/1
    82 | D:1      | Reached XP level 2. HP: 8/21 MP: 2/2
   530 | D:1      | Reached XP level 3. HP: 25/26 MP: 3/3
   963 | D:2      | Reached XP level 4. HP: 21/32 MP: 4/4
  2718 | D:3      | Reached XP level 5. HP: 37/37 MP: 5/5
  2731 | D:3      | Learned a level 1 spell: Apportation
  2806 | D:3      | Reached skill level 1 in Stealth
  2863 | D:3      | Found a faded altar of an unknown god.
  2986 | D:3      | Found a basalt altar of Yredelemnul.
  3282 | D:4      | Reached XP level 6. HP: 17/43 MP: 6/6
  3581 | D:4      | Noticed Ijyb
  3588 | D:4      | Killed Ijyb
  3666 | D:4      | Noticed Edmund
  3682 | D:4      | Killed Edmund
  3947 | D:4      | Noticed a necrophage
  3959 | D:4      | Reached XP level 7. HP: 10/48 MP: 7/7
  4305 | D:4      | Learned a level 1 spell: Sting
  4525 | D:4      | Found a hazy altar of Hepliaklqana.
  4853 | D:4      | Found a staircase to the Ecumenical Temple.
  4888 | Temple   | Entered the Ecumenical Temple
  5041 | D:5      | Entered Level 5 of the Dungeon
  5136 | D:5      | Slain by a scorpion

Illustrated notes

Levels and vault maps discovered:
D:1:      lemuel_arrival_tunnels, layout_rooms, serial_glass, glass_columns_b,
          glass_columns_b, glass_columns_b, glass_columns_b, glass_columns_a,
          glass_columns_a, glass_columns_a, glass_columns_b
D:2:      minmay_skewed_foursquare, layout_basic, solitary_fountain
D:3:      layout_rooms, lemuel_zombie_altar_yredelemnul, basic_ecumenical_altar
D:4:      layout_loops_ring, nicolae_hepliaklqana_monster_ancestors,
          minmay_temple_entry_nine_rooms, uniq_edmund, uniq_ijyb
D:5:      layout_basic, kennysheep_decorative_pillar, uniq_duvessa
Temple:   nicolae_temple_god_jail

Skill      XL: |  1  2  3  4  5  6  7 |
---------------+----------------------+-----
Short Blades   | 3 4 |  4.9
Stealth        | 2 3 4 |  4.8
Fighting       | 4 |  4.5
Dodging        | 4 |  4.2
Shields        | 4 |  4.1
Spellcasting   | |  0.3

Action                   |  1- 3 |  4- 6 |  7- 9 || total
-------------------------+-------+-------+-------++-------
Melee: Rapier            |    57 |    44 |       ||   101
       Constrict         |    18 |    32 |    13 ||    63
       Tentacles         |    12 |    28 |    12 ||    52
       Short sword       |       |    54 |    55 ||   109
 Cast: Apportation       |       |       |     1 ||     1
  Use: Scroll            |     2 |     4 |     2 ||     8
 Stab: Sleeping          |     1 |     9 |     2 ||    12
Armor: Skin              |     5 |     5 |     1 ||    11
Dodge: Dodged            |    51 |    62 |    26 ||   139
Block: Buckler           |    24 |    17 |    10 ||    51

Table legend: (Time is in decaauts)
 A = Elapsed time spent in this place.
 B = Non-inter-level travel time spent in this place.
 C = Inter-level travel time spent in this place.
 D = Time resting spent in this place.
 E = Time spent auto-exploring this place.
 F = Levels seen in this place.
 G = Mean time per level.
                   A        B        C        D        E       F      G
               +--------+--------+--------+--------+--------+-----+--------+
         Total |   5132 |   5132 |      0 |   1622 |      0 |   6 |  855.3 |
       Dungeon |   5029 |   5029 |      0 |   1622 |      0 |   5 | 1005.8 |
        Temple |    102 |    102 |      0 |      0 |      0 |   1 |  102.0 |
               +--------+--------+--------+--------+--------+-----+--------+

Top non-repeatable levels by time:
     D:2: 1809 daAuts
     D:4: 1682 daAuts
     D:1: 872 daAuts
     D:3: 573 daAuts
  Temple: 102 daAuts
     D:5: 91 daAuts
